AoeStats
← Lord Laggington

Arabia

507145010Analyzed
2v2 RM · 2mo ago on Sep 16, 2026· 46m 59s· 4 players
Game mode
Random Map
Map size
Medium (4 player)
Population
200
Speed
Normal
Resources
Standard
Victory
Conquest
Starting age
Dark Age
Ending age
Imperial Age
RankedLock teamsTeams togetherTeam positionsShared explorationLock speedFull tech treeHidden civsTurbo modeCheats
Victory
Defeat
🇩🇪 Vikings · Germany
981
+14
🇩🇪 Poles · Germany
965
+14
vs
🇨🇷 Italians · Costa Rica
930
-14
🇨🇷 Franks · Costa Rica
927
-14
Ganito
5:18 Loom
11:43 Feudal Age
22:52 Castle Age
21:48 Fletching
21:58 Padded Archer Armor
25:14 Leather Archer Armor
25:30 Town Watch
26:21 Wheelbarrow
26:57 Double-Bit Axe
26:53 Horse Collar
32:06 Imperial Age
30:52 Crossbowman
33:15 Bow Saw
32:46 Elite Skirmisher
33:11 Arbalester
36:09 Bodkin Arrow
40:19 Conscription
40:45 Hand Cart
40:31 Town Patrol
44:41 Chemistry
Yulego24
8:01 Loom
10:12 Feudal Age
17:31 Double-Bit Axe
21:26 Castle Age
23:22 Pikeman
24:20 Fletching
28:12 Forging
28:56 Scale Barding Armor
31:20 Wheelbarrow
30:41 Gold Mining
34:06 Gold Shaft Mining
37:18 Imperial Age
36:01 Chain Barding Armor
37:20 Iron Casting
37:09 Town Watch
37:34 Cavalier
43:11 Conscription
43:46 Hand Cart
44:08 Squires
46:15 Plate Barding Armor
45:48 Halberdier
46:43 Bow Saw
novusb4
9:34 Loom
11:19 Feudal Age
12:33 Double-Bit Axe
15:12 Horse Collar
18:50 Castle Age
19:11 Stone Mining
19:28 Scale Barding Armor
19:34 Forging
21:12 Wheelbarrow
22:15 Husbandry
23:22 Hand Cart
23:29 Bloodlines
25:55 Gold Mining
28:06 Szlachta Privileges
28:52 Heavy Plow
30:33 Bow Saw
31:22 Scale Mail Armor
31:45 Chain Barding Armor
33:35 Iron Casting
38:39 Imperial Age
38:49 Cavalier
39:44 Thumb Ring
39:00 Elite Skirmisher
39:50 Padded Archer Armor
39:40 Fletching
40:51 Blast Furnace
39:45 Fletching
39:56 Padded Archer Armor
42:25 Crop Rotation
43:11 Bodkin Arrow
43:31 Leather Archer Armor
44:09 Capped Ram
47:03 Conscription
47:04 Lechitic Legacy
46:35 Siege Ram
Lord Laggington
4:17 Loom
12:30 Feudal Age
18:06 Castle Age
17:26 Double-Bit Axe
18:12 Stone Mining
18:06 Horse Collar
22:53 Bow Saw
27:10 Imperial Age
25:02 Town Watch
25:30 Gold Mining
27:36 Heavy Plow
27:19 Pikeman
28:01 Squires
27:49 Arson
27:30 Man-at-Arms
28:02 Gambesons
28:25 Long Swordsman
29:44 Conscription
29:34 Scale Mail Armor
29:45 Forging
29:36 Fletching
29:32 Treadmill Crane
30:03 Masonry
30:21 Two-Handed Swordsman
31:39 Chieftains
32:09 Chain Mail Armor
34:34 Two-Man Saw
35:26 Gold Shaft Mining
35:30 Murder Holes
36:36 Chemistry
36:52 Town Patrol
37:45 Plate Mail Armor
36:57 Capped Ram
38:08 Champion
39:13 Siege Ram
40:46 Iron Casting
41:18 Onager
43:36 Hoardings
45:07 Crop Rotation
Connection lost

Rejoining the realm…

Still unreachable

The connection could not be restored.

Session expired

The server has moved on; the page needs a fresh start.